 Dungeon Crawl Stone Soup version 0.17.1-3-g152610e (webtiles) character file.

262 Yevrel the Shield-Bearer (level 5, 0/47 HPs)
             Began as a Minotaur Fighter on Apr 4, 2016.
             Slain by an adder (2 damage)
             ... on level 2 of the Dungeon.
             The game lasted 00:03:16 (1404 turns).

Yevrel the Shield-Bearer (Minotaur Fighter)         Turns: 1404, Time: 00:03:16

Health: 0/47       AC:  7    Str: 26    XL:     5   Next: 97%
Magic:  4/4        EV:  8    Int:  5    God:
Gold:   149        SH: 10    Dex: 10    Spells: 0 memorised, 4 levels left

rFire  . . .     SeeInvis .     a - +0 war axe
rCold  . . .     Clarity  .     b - +0 scale mail
rNeg   . . .     SustAt   .     c - +0 shield
rPois  .         Gourm    .     (helmet restricted)
rElec  .         Spirit   .     (no cloak)
rCorr  .         Warding  .     (no gloves)
rMut   .         Stasis   .     (no boots)
MR     .....                    (no amulet)
Stlth  ..........               (no ring)
                                (no ring)

@: mighty, drained, not resistant to hostile enchantments, extremely unstealthy
A: retaliatory headbutt, horns 2
a: no special abilities


You were on level 2 of the Dungeon.
You were near starving.

You visited 1 branch of the dungeon, and saw 3 of its levels.

You collected 149 gold pieces.

Inventory:

Hand Weapons
 a - a +0 war axe (weapon)
Armour
 b - a +0 scale mail (worn)
 c - a +0 shield (worn)
Jewellery
 m - a cursed ring of teleportation
Scrolls
 h - 3 scrolls of teleportation {unknown}
 i - 5 scrolls of identify
 k - a scroll of immolation {unknown}
 l - a scroll of enchant armour {unknown}
 n - a scroll of random uselessness {unknown}
 p - a scroll of remove curse {unknown}
Potions
 f - a potion of haste
 g - 2 potions of curing {unknown}
 j - a potion of degeneration {unknown}
 o - a potion of lignification {unknown}
Comestibles
 e - 2 bread rations


   Skills:
 + Level 4.7(4.5) Fighting
 + Level 4.1(3.8) Axes
 + Level 4.8(4.6) Armour
 + Level 1.9(1.7) Dodging
 + Level 5.2(5.0) Shields


You had 4 spell levels left.
You didn't know any spells.

Dungeon Overview and Level Annotations

Branches:
Dungeon (3/15)

Altars:
Yredelemnul

Annotations:
D:3 Endymion's ghost, amateur CeHu


Innate Abilities, Weirdness & Mutations

You reflexively headbutt those who attack you in melee.
You have a pair of horns on your head.


Message History

You are no longer poisoned.
The adder bites you.
* * * LOW HITPOINT WARNING * * *
You block the adder's attack.
You hit the adder but do no damage.
The adder is moderately wounded.
You block the adder's attack. The adder bites you but does no damage.
You hit the adder.
The adder is heavily wounded.
The adder bites you but does no damage. x2
Drink which item? (? for menu, Esc to quit)
You feel very mighty all of a sudden. The adder closely misses you.
You barely miss the adder. Your headbutt misses the adder.
The adder is heavily wounded.
You block the adder's attack. The adder barely misses you.
You closely miss the adder.
The adder is heavily wounded.
The adder bites you but does no damage. The adder bites you.
You die...

.# #........#.# .#
#.#...####.## .#
#.#.........# ##
#.#.######..## ###.#
##..# #.#.### #..#
#.#...# ##.##
####.###.######.S#
##...........##.@######
##.#.....##...........##
#.#.....##....#.#.....#
#.......#............##
#######............###
#....#.......#
####.##.###### #.##.#
#....#


You could see an adder.

Vanquished Creatures
  A human (D:2)
  2 human zombies (D:2)
  Jessica (D:2)
  An ooze (D:2)
  3 giant geckos
  3 giant cockroaches
  4 goblins
  4 hobgoblins
  3 bats
  2 giant newts
  3 kobolds
  4 rats
31 creatures vanquished.

Notes
Turn   | Place    | Note
--------------------------------------------------------------
     0 | D:1      | Yevrel the Minotaur Fighter began the quest for the Orb.
     0 | D:1      | Reached XP level 1. HP: 19/19 MP: 0/0
   321 | D:1      | Reached skill level 4 in Shields
   321 | D:1      | Reached XP level 2. HP: 25/27 MP: 1/1
   619 | D:2      | Found a runed door.
   619 | D:2      | Noticed a human
   623 | D:2      | Found a basalt altar of Yredelemnul.
   636 | D:2      | Reached XP level 3. HP: 23/33 MP: 2/2
   640 | D:2      | Reached skill level 1 in Dodging
   640 | D:2      | Reached XP level 4. HP: 18/40 MP: 3/3
   681 | D:2      | Killed a human
   681 | D:2      | Reached skill level 5 in Shields
   681 | D:2      | Reached XP level 5. HP: 19/47 MP: 4/4
   856 | D:2      | Noticed Jessica
   864 | D:2      | Killed Jessica
  1366 | D:3      | Noticed Endymion's ghost (amateur CeHu)
  1399 | D:2      | HP: 1/47 [adder (3)]
  1404 | D:2      | Slain by an adder

Action                   |  1- 3 |  4- 6 || total
-------------------------+-------+-------++-------
Melee: War axe           |    47 |    51 ||    98
  Use: Scroll            |       |     1 ||     1
       Potion            |       |     1 ||     1
